 Dungeon Crawl Stone Soup version 0.31-a0-164-g2312942fda (webtiles) character file.

Game seed: 16319016233937817529

665 porpoise the Cleaver (level 7, -5/76 HPs)
             Began as a Hill Orc Fighter on June 14, 2023.
             Killed by nerve-wracking pain
             ... invoked by an orc priest
              (14 damage)
             ... on level 4 of the Dungeon.
             The game lasted 00:10:20 (3711 turns).

porpoise the Cleaver (Hill Orc Fighter)             Turns: 3711, Time: 00:10:21

Health: -5/76      AC:  6    Str: 21    XL:     7   Next: 57%
Magic:  7/7        EV:  9    Int:  8    God:
Gold:   216        SH:  9    Dex: 10    Spells: 6/6 levels left

rFire   . . .        a - +0 war axe
rCold   . . .        c - +0 buckler
rNeg    . . .        b - +0 scale mail
rPois   .            (no helmet)
rElec   .            (no cloak)
rCorr   +            (no gloves)
SInv    .            (no boots)
Will    .....        j - amulet of reflection Stlth
                     q - ring of resist corrosion
HPRegen 0.32/turn    (no ring)
MPRegen 0.10/turn

%: reflection
@: no status effects
A: robust 2, MP-powered wands
a: Convert to Beogh


You were on level 4 of the Dungeon.
You visited 1 branch of the dungeon, and saw 4 of its levels.
You also visited: Sewer.

You collected 216 gold pieces.

Inventory:

Hand Weapons
 a - a +0 war axe (weapon)
 p - a +1 short sword of venom
Missiles
 f - 16 poisoned darts
 n - a boomerang
 r - 2 curare-tipped darts
Armour
 b - a +0 scale mail (worn)
 c - a +0 buckler (worn)
Jewellery
 j - an amulet of reflection (around neck)
 q - a ring of resist corrosion (left hand)
Wands
 m - a wand of flame (28)
Scrolls
 d - a scroll of blinking {unknown}
 e - a scroll of amnesia {unknown}
 g - a scroll of revelation
 i - a scroll of teleportation
 k - a scroll of fog {unknown}
 l - a scroll of silence {unknown}
 o - 2 scrolls of identify
 s - 2 scrolls of fear
Potions
 h - a potion of brilliance
 t - a potion of enlightenment


   Skills:
 + Level 6.6 Fighting
 * Level 8.9 Axes
 - Level 3.2 Armour
 - Level 3.2 Shields


You had 6 spell levels left.
You didn't know any spells.
Your spell library contained the following spells:

 Spells                   Type           Power      Damage    Failure   Level
 Foxfire                  Conj/Fire      0%         2x1d4     82%         1
 Magic Dart               Conj           0%         1d3       82%         1
 Call Imp                 Summ           0%         N/A       91%         2
 Sublimation of Blood     Necr           0%         N/A       91%         2
 Ignite Poison            Fire/Tmut/Pois 0%         N/A       99%         3
 Mephitic Cloud           Conj/Pois/Air  0%         N/A       99%         3
 Ozocubu's Armour         Ice            0%         N/A       99%         3
 Tukima's Dance           Hex            0%         N/A       99%         3
 Passage of Golubria      Tloc           0%         N/A       100%        4
 Petrify                  Tmut/Erth      0%         N/A       100%        4
 Fireball                 Conj/Fire      0%         3d3       100%        5
 Irradiate                Conj/Tmut      0%         3d11      100%        5
 Yara's Violent Unravell  Hex/Tmut       0%         3d3       100%        5
 Ozocubu's Refrigeration  Ice            0%         4d7       100%        7
 Polar Vortex             Ice            0%         N/A       100%        9


Dungeon Overview and Level Annotations

Branches:
Dungeon (4/15)              Sewer (visited)
 Temple: D:4-7

Altars:

Annotations:
D:3 2 transporters, snackwell's ghost, amateur MfHu


Innate Abilities, Weirdness & Mutations

You are very robust. (+20% HP)
You expend magic power (3 MP) to strengthen your wands.


Message History

The orc shouts!
You slash Blork the orc!
You kill Blork the orc!
You completely miss the orc priest.
The orc priest shouts, "Surrender to Beogh and we'll let you live!"
The orc priest shouts, "Beogh is our master!
Accept the truth or die!"
An orc comes into view.
It is wielding a +2 short sword of venom.
The orc shouts!
The orc priest threatens, "By the altar or by the axe, you will meet Beogh!"
The orc priest hits you with a +0 mace. You block the orc priest's attack.
You closely miss the orc wizard. You barely miss the orc priest.
You closely miss the orc priest. You block the orc wizard's attack.
The orc priest hits you with a +0 mace.
* * * LOW HITPOINT WARNING * * *
The orc priest hits you but does no damage.
The orc priest shouts, "Surrender to Beogh and we'll let you live!"
You slash the orc priest!
The orc priest shouts, "Join the one true god or die!"
The orc priest is almost dead.
You hit the orc wizard. You hit the orc priest.
The orc priest shouts, "Surrender to Beogh and we'll let you live!"
The orc priest threatens, "By the altar or by the axe, you will meet Beogh!"
You hit the orc. The orc closely misses you.
The orc wizard hits you but does no damage.
The orc priest threatens, "By the altar or by the axe, you will meet Beogh!"
You block the orc priest's attack.
The orc priest calls down the wrath of Beogh upon you.
Pain shoots through your body!
* * * LOW HITPOINT WARNING * * *
Okay, then.
You hit the orc priest.
The orc priest is almost dead.
You slash the orc priest!
The orc priest shouts, "Join the one true god or die!"
You hit the orc.
You kill the orc!
You hit the orc wizard but do no damage.
The orc priest invokes the aid of Beogh against you.
Pain shoots through your body!
You die...

#..##............##.#
#..##.>..#######.##.#
........####....)....#
###..#...# #.####.####
###..#...# #.# #.#
.....#...####.# #.#
#....).....# #.#
###.o.###### #.# #.o@#
#.# #.o)# #.# #..o.
..# #o#.## #.#o# #.#.#
#.#.# ...


You could see 2 orc priests, an orc wizard and 3 orcs.

Vanquished Creatures
  4 kobold brigands (Sewer)
  Blork the orc (D:4)
  An iguana (D:4)
  4 gnolls (D:4)
  A river rat (Sewer)
  14 adders
  8 worms
  3 dart slugs
  12 orcs
  5 bats
  12 endoplasms
  4 giant cockroaches
  2 goblins
  8 hobgoblins
  6 jackals (D:2)
  4 quokkas
  5 ball pythons
  5 kobolds
  2 rats
101 creatures vanquished.

Notes
Turn   | Place    | Note
-------+----------+-------------------------------------------
     0 | D:1      | porpoise the Hill Orc Fighter began the quest for the Orb.
     0 | D:1      | Reached XP level 1. HP: 19/19 MP: 1/1
   185 | D:1      | Reached skill level 3 in Axes
   204 | D:1      | Reached XP level 2. HP: 25/27 MP: 2/2
   794 | D:2      | Reached skill level 4 in Axes
   794 | D:2      | Reached XP level 3. HP: 33/33 MP: 3/3
   929 | D:2      | Got Vv's Incunable of the Pyre and the Deep Freeze
  1010 | D:2      | Reached XP level 4. HP: 38/41 MP: 4/4
  1124 | D:2      | Reached skill level 5 in Axes
  1566 | D:3      | Found a glowing drain.
  1587 | Sewer    | Entered a sewer
  1624 | Sewer    | Noticed a kobold brigand
  1651 | Sewer    | Killed a kobold brigand
  1652 | Sewer    | Reached skill level 5 in Fighting
  1652 | Sewer    | Reached skill level 6 in Axes
  1652 | Sewer    | Reached XP level 5. HP: 29/48 MP: 5/5
  1783 | Sewer    | Noticed a kobold brigand
  1793 | Sewer    | Gained mutation: You expend magic power (3 MP) to
                  | strengthen your wands. [potion of mutation]
  1793 | Sewer    | Gained mutation: You are robust. (+10% HP) [potion of
                  | mutation]
  1793 | Sewer    | Gained mutation: You are very robust. (+20% HP) [potion of
                  | mutation]
  1801 | Sewer    | Killed a kobold brigand
  1802 | Sewer    | Reached skill level 7 in Axes
  1802 | Sewer    | Reached XP level 6. HP: 14/67 MP: 6/6
  2497 | Sewer    | Reached skill level 8 in Axes
  2497 | Sewer    | Reached XP level 7. HP: 65/75 MP: 7/7
  2785 | D:3      | Found a faded altar of an unknown god.
  3151 | D:3      | Found a transporter.
  3193 | D:3      | Found a transporter.
  3520 | D:3      | Noticed snackwell's ghost (amateur MfHu)
  3695 | D:4      | Noticed Blork the orc
  3707 | D:4      | Killed Blork the orc
  3711 | D:4      | Killed from afar by an orc priest

Illustrated notes

Levels and vault maps discovered:
D:1:      minmay_arrival_pointy, layout_basic, chequers_serial_rivers_large_a
D:2:      layout_loops_ring, minmay_tromino_v4_a
D:3:      layout_rooms, hellmonk_ecumenical_altar_heavens_door,
          cheibrodos_sewer_entry_bend, gammafunk_ghost_gnarly_gnolls
D:4:      layout_loops_ring, uniq_blork_the_orc

Skill      XL: |  1  2  3  4  5  6 |
---------------+-------------------+-----
Axes           | 3 4 6 7 8 |  8.9
Fighting       | 4 5 6 |  6.6
Armour         | |  3.2
Shields        | |  3.2

Action                     |  1- 3 |  4- 6 |  7- 9 || total
---------------------------+-------+-------+-------++-------
  Melee: War axe           |   105 |   155 |   108 ||   368
    Use: Scroll            |       |     1 |     3 ||     4
         Potion            |       |     4 |     1 ||     5
 Armour: Scale mail        |    42 |    47 |    33 ||   122
         Skin              |       |     7 |       ||     7
  Dodge: Dodged            |    40 |    43 |    27 ||   110
  Block: Buckler           |    40 |    76 |    48 ||   164
         Reflection        |     1 |     2 |     1 ||     4

Table legend: (Time is in decaauts)
 A = Elapsed time spent in this place.
 B = Non-inter-level travel time spent in this place.
 C = Inter-level travel time spent in this place.
 D = Time resting spent in this place.
 E = Time spent auto-exploring this place.
 F = Levels seen in this place.
 G = Mean time per level.
                   A        B        C        D        E       F      G
               +--------+--------+--------+--------+--------+-----+--------+
         Total |   3979 |   3879 |    100 |    700 |   2244 |   5 |  795.8 |
       Dungeon |   2671 |   2571 |    100 |    213 |   1761 |   4 |  667.8 |
         Sewer |   1307 |   1307 |      0 |    487 |    482 |   1 | 1307.0 |
               +--------+--------+--------+--------+--------+-----+--------+

Top non-repeatable levels by time:
   Sewer: 1307 daAuts
     D:1: 797 daAuts
     D:2: 757 daAuts
     D:3: 691 daAuts
     D:4: 425 daAuts
